 Dungeon Crawl Stone Soup version 0.26-a0-660-gc07710193c (webtiles) character file.

Game seed: 16030023495606112002

66108 Peloso the Peltast (level 14, -1/127 HPs)
             Began as a Minotaur Fighter on Oct 8, 2020.
             Was the Champion of Okawaru.
             Killed from afar by a raiju (2 damage)
             ... with a living lightning
             ... on level 3 of the Abyss.
             The game lasted 00:57:55 (28033 turns).

Peloso the Peltast (Minotaur Fighter)              Turns: 28033, Time: 00:57:55

Health: -1/127     AC: 18    Str: 29    XL:     14   Next: 78%
Magic:  13/13      EV: 11    Int:  5    God:    Okawaru [******]
Gold:   1702       SH: 16    Dex: 11    Spells: 13/13 levels left

rFire    . . .     SeeInvis .   a - +2 falchion (venom)
rCold    . . .     Faith    .   c - +1 kite shield
rNeg     . . .     Spirit   .   x - +0 plate armour
rPois    .         Reflect  .   (helmet restricted)
rElec    .         Harm     .   (no cloak)
rCorr    .         Rampage  .   (no gloves)
MR       ++...                  M - +0 pair of boots "Weyxtu" {MR+}
Stlth    ..........             (no amulet)
HPRegen  0.31/turn              B - +4 ring of slaying
MPRegen  0.13/turn              D - +6 ring of strength

@: no status effects
A: retaliatory headbutt, horns 2, [clumsy 1]
a: Heroism, Finesse, Renounce Religion


You were on level 3 of the Abyss.
You worshipped Okawaru.
Okawaru was exalted by your worship.
You visited 4 branches of the dungeon, and saw 20 of its levels.
You visited the Abyss 1 time.
You also visited: Volcano.

You collected 1898 gold pieces.
You spent 196 gold pieces at shops.

Inventory:

Hand Weapons
 a - a +2 falchion of venom (weapon)
 b - a +0 war axe of flaming
 o - a +1 hand crossbow
 w - the +6 dagger "Judodgh" {drain, rF+ MR+}
   (You found it on level 12 of the Dungeon)

   A truly terrible weapon, it drains the life of those it strikes.
   It protects you from fire.
   It affects your resistance to hostile enchantments.
 R - a +4 quick blade
Missiles
 k - 165 bolts
Armour
 c - a +1 kite shield (worn)
 x - a +0 plate armour (worn)
 F - the +1 ring mail of the Lobster {*Corrode MR++ Dex+4}
   (Okawaru gifted it to you on level 2 of the Lair of Beasts)

   It affects your dexterity (+4).
   It affects your resistance to hostile enchantments.
   It may corrode you when you take damage.
 I - +0 acid dragon scales
 M - the +0 pair of boots "Weyxtu" (worn) {MR+}
   (Okawaru gifted it to you on level 1 of the Lair of Beasts)

   It affects your resistance to hostile enchantments.
Jewellery
 f - a +4 ring of slaying
 B - a +4 ring of slaying (left hand)
 C - the ring "Seyjidgh" {Ice rPois Int+4 Stlth-}
   (You found it on level 6 of the Dungeon)

   [ring of ice]

   It enhances your ice magic.
   It affects your intelligence (+4).
   It makes you vulnerable to fire.
   It protects you from cold.
   It protects you from poison.
   It makes you less stealthy.
 D - a +6 ring of strength (right hand)
 P - an uncursed ring of stealth
 T - an uncursed amulet of reflection {unknown}
Wands
 v - a wand of disintegration (11)
 z - a wand of paralysis (5)
 N - a wand of iceblast (22)
 O - a wand of enslavement (11)
 S - a wand of random effects (17)
Scrolls
 e - 2 scrolls of fog
 g - 5 scrolls of amnesia
 h - 7 scrolls of teleportation
 i - 3 scrolls of identify
 l - 2 scrolls of magic mapping
 n - 2 scrolls of immolation
 p - 4 scrolls of enchant armour
 t - a scroll of blinking
 y - a scroll of silence
 A - 2 scrolls of brand weapon
 L - 2 scrolls of remove curse
Potions
 d - 6 potions of might
 j - 5 potions of ambrosia
 m - 2 potions of brilliance
 q - 6 potions of curing
 r - 3 potions of heal wounds
 s - 2 potions of haste
 u - 4 potions of berserk rage
 E - 2 potions of resistance
 G - 2 potions of cancellation
 H - a potion of mutation
 J - 2 potions of magic
 K - 2 potions of flight
Miscellaneous
 Q - a tin of tremorstones (3/3)


   Skills:
 + Level 12.7 Fighting
 + Level 4.2(10.1) Short Blades
 + Level 14.8(15.0) Long Blades
 + Level 0.1 Axes
 + Level 15.7 Armour
 + Level 5.9 Dodging
 + Level 2.2 Stealth
 + Level 16.2 Shields
 + Level 1.1 Invocations
 + Level 0.1 Evocations


You had 13 spell levels left.
You didn't know any spells.
Your spell library contained the following spells:

 Spells                   Type           Power        Failure   Level
 Animate Skeleton         Necr           #.....       96%         1
 Apportation              Tloc           #.....       96%         1
 Corona                   Hex            #......      96%         1
 Magic Dart               Conj           #...         96%         1
 Pain                     Necr           #...         96%         1
 Sting                    Tmut/Pois      #...         96%         1
 Summon Small Mammal      Summ           #...         96%         1
 Poisonous Vapours        Pois/Air       #.....       99%         2
 Searing Ray              Conj           #.....       99%         2
 Conjure Flame            Conj/Fire      #.......     100%        3
 Dazzling Flash           Conj/Hex       #.....       100%        3
 Ignite Poison            Fire/Tmut/Pois #.......     100%        3
 Mephitic Cloud           Conj/Pois/Air  #.......     100%        3
 Static Discharge         Conj/Air       #.......     100%        3
 Vampiric Draining        Necr           #.........   100%        3
 Animate Dead             Necr           #.........   100%        4
 Fulminant Prism          Conj/Hex       #.........   100%        4
 Iskenderun's Mystic Bla  Conj/Tloc      #.......     100%        4
 Olgreb's Toxic Radiance  Pois           #.......     100%        4
 Agony                    Necr           #.......     100%        5
 Bolt of Magma            Conj/Fire/Erth #.........   100%        5
 Iskenderun's Battlesphe  Conj           #.......     100%        5
 Freezing Cloud           Conj/Ice/Air   #.........   100%        6
 Iron Shot                Conj/Erth      #.........   100%        6
 Orb of Destruction       Conj           #.........   100%        7
 Spellforged Servitor     Conj/Summ      #.........   100%        7


Dungeon Overview and Level Annotations

Branches:
Dungeon (14/15)            Temple (1/1) D:6            Lair (3/6) D:8
 Shoals (0/4) Lair:2        Snake (0/4) Lair:3          Orc (2/2) D:12
    Elf (0/3) Orc:2       Volcano (visited)
 Vaults: D:13-14

Altars:
Elyvilon
Gozag
Makhleb
Nemelex Xobeh
Okawaru
Qazlal
Sif Muna
Wu Jian
Xom
Yredelemnul

Shops:
D:9 :   D:13 :   Orc:1 *   Orc:2 ([:!


Innate Abilities, Weirdness & Mutations

You reflexively headbutt those who attack you in melee.
You have a pair of horns on your head.
[You are clumsy. (Dex -2)]


Message History

The raiju barks!
A raiju comes into view.
The raiju bursts into living lightning!
The living lightning hits you!!
* * * LOW HITPOINT WARNING * * *
The raiju blinks!
The raiju barks!
The raiju bursts into living lightning!
The living lightning hits you.
* * * LOW HITPOINT WARNING * * *
The raiju blinks!
You see here 10 gold pieces.
Unknown command.
The raiju bursts into living lightning!
The living lightning hits you!
* * * LOW HITPOINT WARNING * * *
The raiju blinks!
The raiju bursts into living lightning!
The living lightning hits you.
You die...

. . ..#.#..#
....#..#.#.### . ...#
#......+.#
....#...##[#.#
#...#.#.....#.# .
....#.....#.#
#..#.......#'#####
...# #.h........#.#
.. #.
.#.#...$.@.h...# .#
.#...#....h..#§.h....
.#
...........§.....##
.#...
...#....####....
...........#.... ...
# #.....#...... ..
.............. .
.####.....####


You could see 4 raiju.

Vanquished Creatures
  Jorgrun (D:14)
  A red draconian (Volcano)
  Harold (Lair:1)
  A hydra (D:13)
  A centaur warrior (Volcano)
  6 two-headed ogres
  A tengu warrior (D:14)
  2 thrashing horrors (Abyss:2)
  A queen ant (Lair:3)
  3 orc high priests (Orc:2)
  Nergalle (Lair:2)
  A wretched star (Abyss:2)
  3 starcursed masses (Abyss:2)
  2 wizards (D:11)
  4 unseen horrors
  5 orc knights
  An oklob plant (Lair:2)
  2 manticores (D:13)
  A deep elf mage (D:11)
  A worldbinder (Abyss:2)
  4 orc sorcerers
  Joseph (D:8)
  A black mamba (Lair:1)
  The ghost of YoungGLord the Digger, a novice GrEE (D:6)
  A gargoyle (D:13)
  A centaur skeleton (D:12)
  A yaktaur (Volcano)
  Maggie (D:6)
  7 cane toads
  4 komodo dragons
  4 trolls
  A queen bee (shapeshifter) (D:13)
  3 tengu conjurers
  2 hornets
  2 large abominations (Abyss:2)
  A polar bear (Lair:2)
  A queen bee (Lair:2)
  11 blink frogs
  Prince Ribbit (D:7)
  A meliai zombie (D:13)
  4 slime creatures (D:13)
  3 flying skulls (Abyss:2)
  A vampire (D:12)
  5 shadows
  3 wraiths (D:11)
  5 fire bats (Volcano)
  4 wyverns
  5 humans (D:14)
  65 yaks
  3 basilisks
  Eustachio (D:4)
  2 vampire mosquitoes (D:12)
  2 chaos spawn (Abyss:2)
  2 fire elementals (D:11)
  A steam dragon (Lair:3)
  2 small abominations (Abyss:2)
  Edmund (D:6)
  2 wargs
  15 soldier ants (Lair:3)
  An acid dragon (D:11)
  Menkaure (D:6)
  3 nagas (Lair:3)
  12 water moccasins
  A sky beast (D:9)
  3 ice beasts
  23 orc warriors
  2 black bears
  3 phantoms
  8 centaurs
  11 ogres
  2 necrophages
  12 wolves
  22 bullfrogs
  2 big kobolds
  A wyvern zombie (D:11)
  7 scorpions
  34 killer bees
  8 wights
  5 howler monkeys
  6 lava snakes (Volcano)
  A bullfrog zombie (D:5)
  A quasit (D:12)
  2 centaur zombies
  7 hounds
  A jelly (D:8)
  27 orc wizards
  21 orc priests
  2 gnoll shamans
  4 iguanas
  35 worker ants
  6 ogre zombies (D:12)
  A killer bee zombie (D:6)
  2 hound zombies
  A hound skeleton (D:8)
  A howler monkey zombie (D:5)
  13 gnolls
  A gnoll zombie (D:6)
  14 adders
  8 orc zombies
  A shadow imp (D:6)
  3 white imps
  An ufetubus (Abyss:2)
  An ooze (D:3)
  3 worms (D:2)
  2 dart slugs
  3 leopard geckos
  69 orcs
  3 ball pythons
  4 giant cockroaches
  8 goblins
  14 hobgoblins
  12 jackals
  2 quokkas
  9 bats
  7 frilled lizards
  3 goblin skeletons (D:12)
  4 goblin zombies (D:12)
  A hobgoblin zombie (D:12)
  A jackal zombie (D:5)
  20 kobolds
  A leopard gecko skeleton (D:7)
  5 orc skeletons (D:12)
  11 rats
  A bush (Lair:2)
718 creatures vanquished.

Vanquished Creatures (others)
  An orc priest (Orc:2)
  45 fungi
  42 plants
88 creatures vanquished.

Grand Total: 806 creatures vanquished

Notes
Turn   | Place    | Note
-------+----------+-------------------------------------------
     0 | D:1      | Peloso the Minotaur Fighter began the quest for the Orb.
     0 | D:1      | Reached XP level 1. HP: 19/19 MP: 0/0
   287 | D:1      | Reached XP level 2. HP: 27/27 MP: 1/1
   811 | D:1      | Reached skill level 4 in Shields
  1188 | D:2      | Reached XP level 3. HP: 23/33 MP: 2/2
  2076 | D:2      | Reached XP level 4. HP: 34/40 MP: 3/3
  2912 | D:3      | Reached skill level 1 in Dodging
  3463 | D:4      | Noticed an ogre
  3474 | D:4      | Killed an ogre
  3474 | D:4      | Reached skill level 5 in Armour
  3474 | D:4      | Reached XP level 5. HP: 47/47 MP: 4/4
  3631 | D:4      | Noticed Eustachio
  3647 | D:4      | Killed Eustachio
  3647 | D:4      | Reached XP level 6. HP: 42/53 MP: 5/5
  3878 | D:4      | Reached skill level 5 in Long Blades
  3878 | D:4      | Reached skill level 5 in Shields
  4052 | D:4      | Reached XP level 7. HP: 39/60 MP: 6/6
  4528 | D:5      | Entered Level 5 of the Dungeon
  5091 | D:5      | Reached skill level 1 in Short Blades
  5178 | D:5      | Found a sparkling altar of Nemelex Xobeh.
  5436 | D:5      | Reached skill level 5 in Fighting
  5930 | D:6      | Found a transporter.
  5971 | D:6      | Found a transporter.
  6075 | D:6      | Noticed Menkaure
  6078 | D:6      | Killed Menkaure
  6078 | D:6      | Reached skill level 1 in Stealth
  6078 | D:6      | Reached skill level 6 in Shields
  6092 | D:6      | Found a staircase to the Ecumenical Temple.
  6093 | D:6      | Noticed Maggie
  6291 | D:7      | Reached XP level 8. HP: 68/68 MP: 7/7
  6785 | D:7      | Found a shimmering blue altar of Sif Muna.
  7193 | D:7      | Reached skill level 7 in Shields
  7314 | D:8      | Reached XP level 9. HP: 57/74 MP: 8/8
  7940 | D:8      | Found a staircase to the Lair.
  8020 | D:8      | Noticed Prince Ribbit
  8365 | D:7      | Killed Prince Ribbit
  8365 | D:7      | Reached skill level 8 in Shields
  8508 | D:8      | Noticed Joseph
  8526 | D:8      | Paralysed by Joseph for 5 turns
  8534 | D:8      | Killed Joseph
  9007 | D:8      | Found an opulent altar of Gozag.
  9099 | D:6      | Reached XP level 10. HP: 84/84 MP: 9/9
  9118 | D:6      | Got a bound granite ring
  9123 | D:6      | Identified the ring "Seyjidgh" {Ice rPois Int+4 Stlth-}
                  | (You found it on level 6 of the Dungeon)
  9327 | D:6      | Reached skill level 10 in Armour
  9327 | D:6      | Reached skill level 9 in Shields
  9342 | D:6      | Found a runed translucent door.
  9342 | D:6      | Noticed YoungGLord's ghost (novice GrEE)
  9387 | D:6      | Killed YoungGLord's ghost
  9494 | Temple   | Entered the Ecumenical Temple
  9531 | Temple   | Became a worshipper of Warmaster Okawaru
  9583 | D:6      | Noticed Edmund
  9597 | D:6      | Killed Edmund
  9611 | D:6      | Killed Maggie
 10467 | D:9      | Found an ornate altar of the Wu Jian Council.
 10489 | D:9      | Found Okloemp's Book Shop.
 10623 | D:9      | Reached * piety under Okawaru
 11056 | D:9      | Reached skill level 10 in Shields
 11215 | D:9      | Found a burning altar of Makhleb.
 11432 | D:10     | Entered Level 10 of the Dungeon
 11493 | D:10     | Noticed a two-headed ogre
 11496 | D:10     | Noticed a two-headed ogre
 11501 | D:10     | Killed a two-headed ogre
 11501 | D:10     | Reached ** piety under Okawaru
 11507 | D:10     | Killed a two-headed ogre
 11525 | D:10     | Reached skill level 11 in Shields
 11525 | D:10     | Reached XP level 11. HP: 52/92 MP: 10/10
 11959 | D:10     | Killed an unseen horror
 11959 | D:10     | Reached *** piety under Okawaru
 11959 | D:10     | Reached skill level 10 in Long Blades
 12969 | D:11     | Noticed a two-headed ogre
 12980 | D:11     | Killed a two-headed ogre
 13225 | D:11     | Noticed a deep elf mage
 13330 | D:11     | Killed an unseen horror
 13330 | D:11     | Reached **** piety under Okawaru
 13913 | D:11     | Killed a deep elf mage
 13936 | D:11     | Noticed a wizard
 13936 | D:11     | Noticed a wizard
 13943 | D:11     | Killed a wizard
 13947 | D:11     | Killed a wizard
 13947 | D:11     | Reached ***** piety under Okawaru
 13956 | D:11     | Identified the Tome of Lightness
 14404 | D:12     | Reached skill level 12 in Shields
 14618 | D:12     | Killed an unseen horror
 14618 | D:12     | Reached XP level 12. HP: 78/104 MP: 11/11
 14809 | D:12     | Found a staircase to the Orcish Mines.
 15457 | D:12     | Got a warped dagger
 15458 | D:12     | Identified the +6 dagger "Judodgh" {drain, rF+ MR+} (You
                  | found it on level 12 of the Dungeon)
 15627 | Lair:1   | Entered Level 1 of the Lair of Beasts
 15659 | Lair:1   | Received a gift from Okawaru
 15662 | Lair:1   | Got a pair of slimy boots {god gift}
 15668 | Lair:1   | Identified the +0 pair of boots "Weyxtu" {MR+} (Okawaru
                  | gifted it to you on level 1 of the Lair of Beasts)
 16810 | Lair:1   | Noticed Harold
 16831 | Lair:1   | Killed Harold
 16831 | Lair:1   | Reached skill level 13 in Shields
 17319 | Lair:2   | Reached skill level 10 in Fighting
 17445 | Lair:2   | Noticed Nergalle
 17459 | Lair:2   | Killed Nergalle
 17465 | Lair:2   | Found a dark tunnel.
 17470 | Volcano  | Entered a volcano
 17580 | Volcano  | Reached ****** piety under Okawaru
 17738 | Volcano  | Noticed a red draconian
 17743 | Volcano  | Reached XP level 13. HP: 110/114 MP: 12/12
 17770 | Volcano  | Killed a red draconian
 18012 | Volcano  | Found a radiant altar of Vehumet.
 18068 | Volcano  | Found a bloodstained altar of Trog.
 18768 | Lair:2   | Received a gift from Okawaru
 18787 | Lair:2   | Got a dazzling ring mail {god gift}
 18971 | Lair:2   | Found a staircase to the Shoals.
 19620 | Lair:2   | Reached skill level 14 in Shields
 20411 | Lair:3   | Reached skill level 5 in Dodging
 20847 | Lair:3   | Identified the +1 ring mail of the Lobster {*Corrode MR++
                  | Dex+4} (Okawaru gifted it to you on level 2 of the Lair of
                  | Beasts)
 20956 | Lair:3   | Found a staircase to the Snake Pit.
 22139 | Orc:1    | Entered Level 1 of the Orcish Mines
 22292 | Orc:1    | Received a gift from Okawaru
 22327 | Orc:1    | Identified the +5 great sword "Golol" {vorpal, +Inv}
                  | (Okawaru gifted it to you on level 1 of the Orcish Mines)
 22499 | Orc:1    | Found Ebbiuqam's Assorted Antiques.
 22919 | Orc:2    | Entered Level 2 of the Orcish Mines
 23208 | Orc:2    | Reached XP level 14. HP: 124/124 MP: 13/13
 23573 | Orc:2    | Reached skill level 15 in Shields
 23841 | Orc:2    | Reached skill level 15 in Armour
 24430 | Orc:2    | Found a staircase to the Elven Halls.
 24599 | Orc:2    | Paralysed by an orc sorcerer for 7 turns
 24792 | Orc:2    | Found Ecokkof's Distillery.
 24792 | Orc:2    | Found Neduec's Weapon Shop.
 24794 | Orc:2    | Found Arrynuga's Antique Armour Shop.
 24794 | Orc:2    | Found Hyefi's Book Shoppe.
 24804 | Orc:2    | Bought a potion of might for 56 gold pieces
 24817 | Orc:2    | Bought a potion of berserk rage for 70 gold pieces
 24817 | Orc:2    | Bought a potion of heal wounds for 70 gold pieces
 24972 | Orc:1    | Reached skill level 1 in Invocations
 25106 | D:13     | Found a white marble altar of Elyvilon.
 25375 | D:13     | Received a gift from Okawaru
 25675 | D:13     | Found Dacon's Book Shoppe.
 26486 | D:14     | Noticed Jorgrun
 26994 | D:14     | Killed Jorgrun
 27346 | D:14     | Received a gift from Okawaru
 27346 | D:14     | Reached skill level 16 in Shields
 27376 | D:14     | Cast into level 2 of the Abyss (a wizard)
 27871 | Abyss:2  | Noticed a starcursed mass
 28032 | Abyss:3  | HP: 1/127 [raiju/living lightning (8)]
 28033 | Abyss:3  | Killed from afar by a raiju

Illustrated notes

Levels and vault maps discovered:
D:1:      erik_arrival_cave_to_civilisation [erik_arrival_cave_to_temple],
          layout_loops_ring, minmay_box_of_dots
D:2:      wad_crossroads, layout_basic
D:3:      layout_basic
D:4:      layout_gridville, uniq_eustachio
D:5:      layout_loops_ring, nemelex_xobeh_ov_fountains_minmay
D:6:      gammafunk_cloud_chamber, layout_basic, minmay_temple_entry_large_hall,
          gammafunk_ghost_grave, chequers_serial_rivers_micro_d, uniq_edmund,
          uniq_menkaure, uniq_maggie
D:7:      layout_basic, led_sif_pool
D:8:      layout_basic, kennysheep_mini, due_lair_maze_entry_diamond,
          serial_glass, glass_columns_c, glass_columns_a, glass_columns_b,
          glass_columns_a, minmay_sticks_and_stones, uniq_prince_ribbit1
D:9:      layout_stronghold, kennysheep_little_box, kennysheep_mini_moat,
          serial_shops, nicolae_shop_statue_plus
D:10:     layout_rooms, kennysheep_big_empty_room
D:11:     cheibrodos_lost_city_excavation, layout_long_grid
D:12:     layout_roguey, zombieorc1_lemuel
D:13:     layout_roguey, serial_shops, nicolae_shop_waterfront, basic_altar
D:14:     layout_basic, grunt_vaults_entry_tiered, minivault_23,
          ebering_ghost_gozag, uniq_jorgrun
Temple:   dpeg_five_rooms_temple
Lair:1:   layout_regular_city, patterned_corridor, grunt_megastairs_2,
          uniq_harold
Lair:2:   layout_roguey [special_room_bee], elwin_shoals_entry_rocks,
          enter_volcano_4, minmay_lair_oklob_bushes, uniq_nergalle
Lair:3:   layout_cellular_growth, guppyfry_snake_entry_island, zaba_anthell,
          grunt_megastairs_4
Orc:1:    layout_diamond_mine, serial_shops, nicolae_shop_overgrown_old_shop
Orc:2:    grunt_orc_tribal_feast, layout_caves
Abyss:3:  base: D:2, evilmike_abyss_exit_10

Skill      XL: |  1  2  3  4  5  6  7  8  9 10 11 12 13 14 |
---------------+-------------------------------------------+-----
Fighting       | 4 5 6 7 9 10 11 12 | 12.7
Armour         | 4 5 6 8 9 11 13 14 15 | 15.7
Shields        | 4 5 6 7 8 11 12 13 14 16 | 16.2
Long Blades    | 3 4 5 6 8 9 11 13 14 | 14.8
Dodging        | 1 2 3 4 5 |  5.9
Short Blades   | 2 3 4 |  4.2
Stealth        | 1 2 |  2.2
Invocations    | 1 |  1.1
Axes           | |  0.1
Evocations     | |  0.1

Action                   |  1- 3 |  4- 6 |  7- 9 | 10-12 | 13-15 || total
-------------------------+-------+-------+-------+-------+-------++-------
Melee: Long sword        |   127 |   107 |   130 |       |       ||   364
       Headbutt          |    20 |    15 |    81 |   230 |   346 ||   692
       Dagger            |       |       |   179 |    36 |    34 ||   249
       Falchion          |       |       |    49 |   682 |  1016 ||  1747
       War axe           |       |       |       |       |     4 ||     4
Invok: Heroism           |       |       |       |     1 |     4 ||     5
Evoke: Wand              |       |       |     4 |       |       ||     4
  Use: Potion            |     4 |       |       |     1 |     1 ||     6
       Scroll            |       |     4 |    10 |    14 |     4 ||    32
Armor: Scale mail        |    54 |    47 |    64 |       |       ||   165
       Chain mail        |       |       |    24 |       |       ||    24
       Plate armour      |       |       |    37 |   274 |   235 ||   546
       Acid dragon scale |       |       |       |       |    16 ||    16
Dodge: Dodged            |    43 |    33 |   107 |   157 |   236 ||   576
Block: Kite shield       |    63 |    52 |   202 |   452 |   682 ||  1451
       Rpst.: Long sword |    15 |    11 |    13 |       |       ||    39
       Falchion          |       |       |     3 |    36 |    60 ||    99

Table legend: (Time is in decaauts)
 A = Elapsed time spent in this place.
 B = Non-inter-level travel time spent in this place.
 C = Inter-level travel time spent in this place.
 D = Time resting spent in this place.
 E = Time spent auto-exploring this place.
 F = Levels seen in this place.
 G = Mean time per level.
                   A        B        C        D        E       F      G
               +--------+--------+--------+--------+--------+-----+--------+
         Total |  27553 |  26467 |   1086 |   3174 |  17635 |  23 | 1198.0 |
       Dungeon |  17923 |  17023 |    900 |   2022 |  11427 |  14 | 1280.2 |
        Temple |     66 |     66 |      0 |      0 |     33 |   1 |   66.0 |
          Lair |   5539 |   5401 |    138 |    367 |   3970 |   3 | 1846.3 |
  Orcish Mines |   2802 |   2755 |     47 |    603 |   1514 |   2 | 1401.0 |
         Abyss |    624 |    624 |      0 |      0 |    418 |   2 |  312.0 |
       Volcano |    596 |    596 |      0 |    182 |    273 |   1 |  596.0 |
               +--------+--------+--------+--------+--------+-----+--------+

Top non-repeatable levels by time:
     D:7: 1958 daAuts
  Lair:2: 1945 daAuts
   Orc:2: 1904 daAuts
  Lair:3: 1902 daAuts
    D:11: 1785 daAuts
  Lair:1: 1692 daAuts
    D:13: 1544 daAuts
     D:5: 1429 daAuts
     D:6: 1347 daAuts
     D:4: 1300 daAuts
     D:9: 1278 daAuts
    D:10: 1231 daAuts
     D:1: 1179 daAuts
    D:12: 1159 daAuts
     D:3: 1061 daAuts
